Map: Nightshade LE

Players

Lambo - Winner!

  • Race: Zerg Zerg
  • Spawn Location: 5:00

HateMe

  • Race: Zerg Zerg
  • Spawn Location: 11:00

Event: IEM Katowice 2020

VOD

Have the link to the VOD?

Description

Time

  • Played on: Feb. 25, 2020, 9:11 a.m.
  • Length: 2:34

All games in this series

Show
View Real Time Build Order
Export as new Build Order

Lambo Zerg - Winner!

Build Orders: Hatch First 

Get SALT Encoding   

  12  0:00  Drone  
  13  0:12  Overlord  
  13  0:18  Drone  
  14  0:30  Drone x2  
  16  0:48  Hatchery  
  15  0:51  Drone  
  15  0:54  Drone  
  17  1:08  Spawning Pool  
  17  1:10  Extractor  
  15  1:13  Drone  
  15  1:16  Drone  
  17  1:20  Drone  
  18  1:28  Drone  
  19  1:38  Drone  
  20  1:56  Zergling x2, Queen  
  20  1:57  Spine Crawler  
  20  2:00  Zergling x2  
  23  2:02  Zergling x2  
  24  2:10  Zergling x2  
  25  2:16  Zergling x2  
Show
View Real Time Build Order
Export as new Build Order

HateMe Zerg 

Build Orders: Pool Only 

Get SALT Encoding   

  12  0:17  Spawning Pool  
  11  0:23  Drone  
  11  0:26  Drone  
  13  0:31  Drone  
  14  0:40  Overlord  
  14  1:04  Zergling x4  
  14  1:06  Zergling x2  
  17  1:16  Zergling x2  
  18  1:30  Zergling x2  
  19  1:39  Zergling x2  
  20  1:52  Zergling x2  
  21  2:10  Spine Crawler  
  21  2:11  Spine Crawler  

Tags
 
Add a new tag
Caveats
  • Supply blocks, unpowered buildings, or Contaminate may cause inaccurate times.
  • Supply counts are checked every 10 seconds.